3AA
LANCASTER FARMERS @ SAN ANTONIO BC
08/07/2022
 
TOP OF THE 1ST
Lancaster Farmers batting - Pitching for San Antonio BC : LHP Shawn Arnold
Pitching: LHP Shawn Arnold
Batting: RHB Bronson Nicholls 0-0: Ground out 6-3 (Groundball, 6)
Batting: LHB Rob Wilson 0-0: Called Strike
0-1: Ball
1-1: Ball
2-1: Foul Ball, location: 2F
2-2: Ball
3-2: Foul Ball, location: 2F
3-2: Foul Ball, location: 2F
3-2: SINGLE (Line Drive, 6MD)
Batting: RHB Fred Meyer 0-0: Ball
1-0: Ground out 4-3 (Groundball, 4M)
Rob Wilson to second
Batting: RHB Sean MacKnight 0-0: Ball
1-0: Fly out, F8 (Popup, 8LS)
Top of the 1st over - 0 run(s), 1 hit(s), 0 error(s), 1 left on base; Lancaster 0 - San Antonio 0
BOTTOM OF THE 1ST
San Antonio BC batting - Pitching for Lancaster Farmers : RHP Roberto Cantú
Pitching: RHP Roberto Cantú
Batting: RHB Albert Delgado 0-0: Called Strike
0-1: SINGLE (Groundball, 6MD)
Batting: SHB Xavier Vásquez 0-0: Called Strike
0-1: Ball
1-1: Ball
2-1: Ball
3-1: Base on Balls
Albert Delgado to second
Batting: LHB Enrique Sánchez 0-0: Ball
1-0: Ball
Albert Delgado steals 3rd base
Xavier Vásquez to second
2-0: Ball
3-0: Called Strike
3-1: Base on Balls
Batting: RHB Orlando Padilla 0-0: Swinging Strike
0-1: Ball
1-1: Ball
2-1: Foul Ball, location: 2F
2-2: Foul Ball, location: 2F
2-2: SINGLE (Line Drive, 6M)
Albert Delgado scores
Xavier Vásquez to third
Enrique Sánchez to second
Batting: SHB Mike Peña 0-0: Grounds into fielders choice 1-2 (Groundball, 13)
Enrique Sánchez to third
Orlando Padilla to second
Batting: RHB Joseph Gray 0-0: Called Strike
0-1: Grounds into double play, U6-3 (Groundball, 6M)
Bottom of the 1st over - 1 run(s), 2 hit(s), 0 error(s), 2 left on base; Lancaster 0 - San Antonio 1
TOP OF THE 2ND
Lancaster Farmers batting - Pitching for San Antonio BC : LHP Shawn Arnold
Batting: RHB Eric Howard 0-0: Ball
1-0: Ball
2-0: Fly out, F6 (Popup, 8LS)
Batting: RHB Chuck Wolf 0-0: Foul Ball, location: 2F
0-1: Ball
1-1: Foul Ball, location: 2F
1-2: Strikes out swinging
Batting: RHB Bennett Bates 0-0: Ball
1-0: Called Strike
1-1: Called Strike
1-2: Ball
2-2: Ball
3-2: Base on Balls
Batting: SHB Jim Henderson 0-0: Called Strike
0-1: Called Strike
0-2: Foul Ball, location: 2F
0-2: Foul Ball, location: 2F
0-2: Foul Ball, location: 2F
0-2: Ball
1-2: Fly out, F7 (Flyball, 78M)
Top of the 2nd over - 0 run(s), 0 hit(s), 0 error(s), 1 left on base; Lancaster 0 - San Antonio 1
BOTTOM OF THE 2ND
San Antonio BC batting - Pitching for Lancaster Farmers : RHP Roberto Cantú
Batting: LHB Miguel García 0-0: Swinging Strike
0-1: SINGLE (Line Drive, 9S)
Batting: LHB Álex Ramírez 0-0: DOUBLE (Groundball, 3L)
Miguel García to third
Runner from 3rd tries for Home, SAFE, no throw or cutoff
Batting: RHB Martín Álvarez 0-0: Called Strike
0-1: Foul Ball, location: 2F
0-2: Foul Ball, location: 2F
0-2: Strikes out swinging
Batting: RHB Albert Delgado 0-0: Ball
1-0: Foul Ball, location: 2F
1-1: Swinging Strike
1-2: Strikes out swinging
Batting: SHB Xavier Vásquez 0-0: Ball
1-0: Called Strike
1-1: Called Strike
1-2: Ball
2-2: Strikes out looking
Bottom of the 2nd over - 1 run(s), 2 hit(s), 0 error(s), 1 left on base; Lancaster 0 - San Antonio 2
TOP OF THE 3RD
Lancaster Farmers batting - Pitching for San Antonio BC : LHP Shawn Arnold
Batting: RHB Carl Bryant 0-0: Called Strike
0-1: Foul Ball, location: 2F
0-2: Ball
1-2: Strikes out swinging
Batting: RHB Bronson Nicholls 0-0: Bunt missed!
0-1: Ball
1-1: Called Strike
1-2: Ground out 6-3 (Groundball, 6)
Batting: LHB Rob Wilson 0-0: Called Strike
0-1: Foul Ball, location: 2F
0-2: Foul Ball, location: 2F
0-2: Ground out 4-3 (Groundball, 4)
Top of the 3rd over - 0 run(s), 0 hit(s), 0 error(s), 0 left on base; Lancaster 0 - San Antonio 2
BOTTOM OF THE 3RD
San Antonio BC batting - Pitching for Lancaster Farmers : RHP Roberto Cantú
Batting: LHB Enrique Sánchez 0-0: Ball
1-0: Ball
2-0: Ball
3-0: SINGLE (Line Drive, 56D)
Batting: RHB Orlando Padilla 0-0: Ball
1-0: Ball
2-0: Ground out 5-3 (Groundball, 15S)
Enrique Sánchez to second
Batting: SHB Mike Peña 0-0: Called Strike
0-1: Ball
1-1: Swinging Strike
1-2: Fly out, F8 (Flyball, 89D)
Runner from 2nd tags up, SAFE at 3rd, no throw
Batting: RHB Joseph Gray 0-0: Swinging Strike
0-1: Swinging Strike
0-2: Ball
1-2: Ball
2-2: Foul Ball, location: 2F
2-2: Ball
3-2: Strikes out looking
Bottom of the 3rd over - 0 run(s), 1 hit(s), 0 error(s), 1 left on base; Lancaster 0 - San Antonio 2
TOP OF THE 4TH
Lancaster Farmers batting - Pitching for San Antonio BC : LHP Shawn Arnold
Batting: RHB Fred Meyer 0-0: Foul Ball, location: 2F
0-1: Ball
1-1: DOUBLE (Flyball, 7LD)
Batting: RHB Sean MacKnight 0-0: Swinging Strike
0-1: Ground out 5-3 (Groundball, 15S)
Fred Meyer to third
Batting: RHB Eric Howard 0-0: Ball
1-0: SINGLE (Flyball, 9LS)
Fred Meyer scores
Batting: RHB Chuck Wolf 0-0: Called Strike
0-1: Ball
1-1: Ball
2-1: Grounds into double play, 4-6-3 (Groundball, 4)
Top of the 4th over - 1 run(s), 2 hit(s), 0 error(s), 0 left on base; Lancaster 1 - San Antonio 2
BOTTOM OF THE 4TH
San Antonio BC batting - Pitching for Lancaster Farmers : RHP Roberto Cantú
Batting: LHB Miguel García 0-0: Called Strike
0-1: Called Strike
0-2: Strikes out swinging
Batting: LHB Álex Ramírez 0-0: Called Strike
0-1: Ground out 4-3 (Groundball, 4)
Batting: RHB Martín Álvarez 0-0: Swinging Strike
0-1: Foul Ball, location: 2F
0-2: Foul Ball, location: 2F
0-2: Ball
1-2: Ball
2-2: SINGLE (Groundball, 6M)
Batting: RHB Albert Delgado 0-0: Called Strike
0-1: Ball
Martín Álvarez is caught stealing 2nd base
Bottom of the 4th over - 0 run(s), 1 hit(s), 0 error(s), 0 left on base; Lancaster 1 - San Antonio 2
TOP OF THE 5TH
Lancaster Farmers batting - Pitching for San Antonio BC : LHP Shawn Arnold
Batting: RHB Bennett Bates 0-0: Called Strike
0-1: Ball
1-1: SINGLE (Groundball, 6MD)
Batting: SHB Jim Henderson 0-0: Called Strike
0-1: Bunted foul
0-2: Fly out, F3 (Popup, 3DF)
Batting: RHB Carl Bryant 0-0: Ball
1-0: Called Strike
1-1: Ball
2-1: Called Strike
2-2: Ball
3-2: Fly out, F6 (Popup, 56D)
Batting: RHB Bronson Nicholls 0-0: Ball
1-0: Ball
2-0: Fly out, F5 (Line Drive, 56S)
Top of the 5th over - 0 run(s), 1 hit(s), 0 error(s), 1 left on base; Lancaster 1 - San Antonio 2
BOTTOM OF THE 5TH
San Antonio BC batting - Pitching for Lancaster Farmers : RHP Roberto Cantú
Batting: RHB Albert Delgado 0-0: Swinging Strike
0-1: Fly out, F7 (Flyball, 78S)
Batting: SHB Xavier Vásquez 0-0: SOLO HOME RUN (Flyball, 9D), Distance : 370 ft
Batting: LHB Enrique Sánchez 0-0: Ball
1-0: Called Strike
1-1: Ground out 3-1 (Groundball, 34)
Batting: RHB Orlando Padilla 0-0: Called Strike
0-1: Ball
1-1: Swinging Strike
1-2: Foul Ball, location: 2F
1-2: Strikes out looking
Bottom of the 5th over - 1 run(s), 1 hit(s), 0 error(s), 0 left on base; Lancaster 1 - San Antonio 3
TOP OF THE 6TH
Lancaster Farmers batting - Pitching for San Antonio BC : LHP Shawn Arnold
Batting: LHB Rob Wilson 0-0: Ball
1-0: Called Strike
1-1: Bunt for hit - play at first, batter OUT! 1-3
Batting: RHB Fred Meyer 0-0: Fly out, F8 (Flyball, 8LD)
Batting: RHB Sean MacKnight 0-0: Ball
1-0: Called Strike
1-1: Called Strike
1-2: SOLO HOME RUN (Flyball, 7D), Distance : 395 ft
Batting: RHB Eric Howard 0-0: Ball
1-0: Called Strike
1-1: Fly out, F4 (Popup, 34)
Top of the 6th over - 1 run(s), 1 hit(s), 0 error(s), 0 left on base; Lancaster 2 - San Antonio 3
BOTTOM OF THE 6TH
San Antonio BC batting - Pitching for Lancaster Farmers : RHP Roberto Cantú
Batting: SHB Mike Peña 0-0: Ball
1-0: Called Strike
1-1: Swinging Strike
1-2: Strikes out swinging
Batting: RHB Joseph Gray 0-0: Called Strike
0-1: Ball
1-1: Ball
2-1: Foul Ball, location: 2F
2-2: Fly out, F6 (Line Drive, 6D)
Batting: LHB Miguel García 0-0: Called Strike
0-1: Ball
1-1: Ball
2-1: Called Strike
2-2: SINGLE (Line Drive, 5D)
Batting: LHB Álex Ramírez 0-0: Ball
1-0: Called Strike
1-1: Ball
Miguel García steals 2nd base
2-1: Foul Ball, location: 2F
2-2: Fly out, F7 (Line Drive, 7S)
Bottom of the 6th over - 0 run(s), 1 hit(s), 0 error(s), 1 left on base; Lancaster 2 - San Antonio 3
TOP OF THE 7TH
Lancaster Farmers batting - Pitching for San Antonio BC : LHP Shawn Arnold
Batting: RHB Chuck Wolf 0-0: Ball
1-0: Called Strike
1-1: Ground out 6-3 (Groundball, 6M)
Batting: RHB Bennett Bates 0-0: Ball
1-0: Ball
2-0: Foul Ball, location: 2F
2-1: Swinging Strike
2-2: Strikes out swinging
Batting: SHB Jim Henderson 0-0: Ball
1-0: Ball
2-0: Called Strike
2-1: Called Strike
2-2: Foul Ball, location: 2F
2-2: Ball
3-2: Fly out, F3 (Popup, 3SF)
Top of the 7th over - 0 run(s), 0 hit(s), 0 error(s), 0 left on base; Lancaster 2 - San Antonio 3
BOTTOM OF THE 7TH
San Antonio BC batting - Pitching for Lancaster Farmers : RHP Roberto Cantú
Batting: RHB Martín Álvarez 0-0: Ball
1-0: Ball
2-0: Fly out, F9 (Flyball, 9S)
Batting: RHB Albert Delgado 0-0: Ball
1-0: SINGLE (Flyball, 8LS)
Pitching: LHP Will Clark
Pinch Hitting: RHB Alfredo Rivera 0-0: Ball
1-0: Ball
2-0: Ball
3-0: Called Strike
3-1: Base on Balls
Albert Delgado to second
Pinch Hitting: SHB Jim Unknown 0-0: Ball
Alfredo Rivera is caught stealing 2nd base
1-0: Foul Ball, location: 2F
1-1: Ground out 5-3 (Groundball, 56)
Bottom of the 7th over - 0 run(s), 1 hit(s), 0 error(s), 1 left on base; Lancaster 2 - San Antonio 3
TOP OF THE 8TH
Lancaster Farmers batting - Pitching for San Antonio BC : LHP Shawn Arnold
Now at 2B: Jim Unknown
Now in LF: Keith Gardner
Batting: RHB Carl Bryant 0-0: Ball
1-0: Swinging Strike
1-1: Called Strike
1-2: Foul Ball, location: 2F
1-2: Foul Ball, location: 2F
1-2: Foul Ball, location: 2F
1-2: Foul Ball, location: 2F
1-2: Strikes out looking
Batting: RHB Bronson Nicholls 0-0: Swinging Strike
0-1: Called Strike
0-2: Foul Ball, location: 2F
0-2: Ball
1-2: Ball
2-2: SINGLE (Groundball, 4D)
Pinch Hitting: RHB Alan Potts 0-0: Called Strike
0-1: Swinging Strike
0-2: Ball
1-2: Ball
2-2: Ball
3-2: Strikes out swinging
Pitching: RHP Pedro Poey
Batting: RHB Fred Meyer 0-0: Ball
1-0: Ball
2-0: Called Strike
2-1: Ground out 1-3 (Groundball, 23)
Top of the 8th over - 0 run(s), 1 hit(s), 0 error(s), 1 left on base; Lancaster 2 - San Antonio 3
BOTTOM OF THE 8TH
San Antonio BC batting - Pitching for Lancaster Farmers : LHP Will Clark
Now in LF: Domenic Gallard
Batting: RHB Orlando Padilla 0-0: Ball
1-0: Foul Ball, location: 2F
1-1: Ball
2-1: Ball
3-1: Called Strike
3-2: Strikes out swinging
Batting: SHB Mike Peña 0-0: Called Strike
0-1: Called Strike
0-2: Ball
1-2: Strikes out swinging
Batting: RHB Joseph Gray 0-0: Hit by Pitch
Pinch Hitting: RHB Carlos Santos 0-0: Fly out, F9 (Flyball, 9M)
Bottom of the 8th over - 0 run(s), 0 hit(s), 0 error(s), 1 left on base; Lancaster 2 - San Antonio 3
TOP OF THE 9TH
Lancaster Farmers batting - Pitching for San Antonio BC : RHP Pedro Poey
Pitching: LHP Stanton Miranda
Now at 1B: Carlos Santos
Batting: RHB Sean MacKnight 0-0: Ball
1-0: Ball
2-0: Foul Ball, location: 2F
2-1: Foul Ball, location: 2F
2-2: Foul Ball, location: 2F
2-2: Fly out, F8 (Popup, 89S)
Pinch Hitting: RHB Jim Unknown 0-0: Swinging Strike
0-1: Called Strike
0-2: Ball
1-2: Strikes out looking
Batting: RHB Chuck Wolf 0-0: Ball
1-0: Ball
2-0: Ball
3-0: Base on Balls
Batting: RHB Bennett Bates 0-0: Foul Ball, location: 2F
0-1: Hit by Pitch
Chuck Wolf to second
Batting: SHB Jim Henderson 0-0: Called Strike
0-1: Foul Ball, location: 2F
0-2: Foul Ball, location: 2F
0-2: Ball
1-2: Ball
2-2: Strikes out swinging
Top of the 9th over - 0 run(s), 0 hit(s), 0 error(s), 2 left on base; Lancaster 2 - San Antonio 3
This league is powered by Out of the Park Baseball, the baseball management simulation game for PC, Mac and Linux
Friday, April 15th, 2016 - OOTP Baseball 16.9 Build 39